 Dungeon Crawl Stone Soup version 0.26.1-2-gb8aa6d0cf2 (console) character file.

Game seed: 16516059624958254355

8577 thromnambular the Gouger (level 11, -13/54 HPs)
             Began as a Felid Enchanter on Jan 2, 2021.
             Was a High Priest of Makhleb.
             Mangled by a cane toad (24 damage)
             ... on level 4 of the Lair of Beasts on Mar 18, 2021.
             The game lasted 01:31:45 (18886 turns).

thromnambular the Gouger (Felid Enchanter)         Turns: 18886, Time: 01:31:46

Health: -13/54     AC:  2    Str:  4    XL:     11   Next: 11%
Magic:  10/20      EV: 24    Int: 20    God:    Makhleb [*****.]
Gold:   682        SH:  0    Dex: 17    Spells: 2/21 levels left
                                        Lives:  0   Deaths: 3

rFire    . . .     SeeInvis +     - Unarmed
rCold    . . .     Faith    .   (shield unavailable)
rNeg     . . .     Spirit   .   (armour unavailable)
rPois    +         Reflect  .   (helmet unavailable)
rElec    .         Harm     .   (cloak unavailable)
rCorr    .         Rampage  .   (gloves unavailable)
Will     +....                  (boots unavailable)
Stlth    +++++.....             (no amulet)
HPRegen  0.18/turn              b - ring of poison resistance
MPRegen  0.17/turn              o - ring of wizardry

@: very slightly contaminated, quick
A: very small, no armour, no weapons or thrown items, stealth, claws 1, fangs 3,
see invisible, speed 1, shaggy fur 2, sharp paws
a: Renounce Religion, Minor Destruction, Lesser Servant of Makhleb, Major
Destruction, Greater Servant of Makhleb


You were on level 4 of the Lair of Beasts.
You worshipped Makhleb.
Makhleb was extremely pleased with you.
You visited 2 branches of the dungeon, and saw 13 of its levels.

You collected 1047 gold pieces.
You spent 365 gold pieces at shops.

Inventory:

Jewellery
 b - a ring of poison resistance (left paw)
 d - a +4 ring of protection
 n - an uncursed ring of flight {unknown}
 o - a ring of wizardry (right paw)
 r - an uncursed ring of ice
 s - a +6 ring of dexterity
 t - an uncursed ring of ice
 D - an uncursed ring of wizardry
Wands
 q - a wand of digging (7)
 z - a wand of paralysis (4)
 C - a wand of disintegration (12)
 E - a wand of iceblast (7)
 G - a wand of polymorph (6)
Scrolls
 h - a scroll of teleportation
 l - 6 scrolls of remove curse
 u - 3 scrolls of fog
 v - 3 scrolls of magic mapping
 F - a scroll of vulnerability
Potions
 a - 2 potions of mutation
 c - a potion of lignification
 e - a potion of ambrosia
 f - 3 potions of attraction
 g - a potion of curing
 i - 5 potions of might
 k - a potion of magic
 m - 4 potions of flight
 x - 2 potions of haste
 A - a potion of berserk rage
 B - 2 potions of heal wounds


   Skills:
 + Level 9.6 Fighting
 - Level 8.1 Dodging
 - Level 9.1 Stealth
 + Level 10.7 Unarmed Combat
 + Level 5.7 Spellcasting
 + Level 5.7 Conjurations
 - Level 7.1 Hexes
 - Level 6.0 Transmutations
 - Level 6.0 Ice Magic


You had 2 spell levels left.
You knew the following spells:

 Your Spells              Type           Power        Failure   Level
a - Corona                Hex            37%          1%          1
b - Ensorcelled Hibernat  Hex/Ice        64%          1%          2
c - Confusing Touch       Hex            34%          1%          3
d - Tukima's Dance        Hex            34%          1%          3
e - Beastly Appendage     Tmut           58%          1%          1
f - Blade Hands           Tmut           14%          11%         5
g - Hailstorm             Conj/Ice       29%          4%          4

Your spell library contained the following spells:

 Spells                   Type           Power        Failure   Level
 Freeze                   Ice            100%         1%          1
 Magic Dart               Conj           100%         1%          1
 Slow                     Hex            34%          1%          2
 Wereblood                Tmut           29%          1%          2
 Blink                    Tloc           N/A          6%          2
 Call Imp                 Summ           5%           6%          2
 Dazzling Flash           Conj/Hex       62%          1%          3
 Frozen Ramparts          Ice            60%          1%          3
 Ozocubu's Armour         Ice            30%          1%          3
 Ice Form                 Ice/Tmut       29%          3%          4
 Conjure Flame            Conj/Fire      17%          4%          3
 Spider Form              Tmut/Pois      8%           4%          3
 Mephitic Cloud           Conj/Pois/Air  13%          6%          3
 Summon Ice Beast         Ice/Summ       17%          12%         4


Dungeon Overview and Level Annotations

Branches:
Dungeon (9/15)             Temple (0/1) D:6            Lair (4/6) D:9
 Shoals (0/4) Lair:2        Snake (0/4) Lair:2          Orc (0/2) D:9

Altars:
Ashenzari
Dithmenos
Fedhas
Kikubaaqudgha
Makhleb
Nemelex Xobeh
Qazlal
Ru
Zin
The Shining One

Shops:
D:6 (:=:*   D:7 (

Annotations:
D:4 2 transporters, Gadfly's ghost, weakling DrTm; Pikel
D:5 1 runed translucent door, Morgon's ghost, weakling KoDe
Lair:1 Gastronok
Lair:2 exclusion: oklob plant


Innate Abilities, Weirdness & Mutations

You cannot wear armour.
You are incapable of wielding weapons or throwing items.
Your paws allow you to move quietly. (Stealth)
You have sharp claws.
You have razor-sharp teeth.
You have supernaturally acute eyesight. (SInv)
You cover ground quickly.
You are covered in thick fur. (AC +2)
Your sharp claws are effective at attacking unaware monsters.


Message History

Press: ? - help, Shift-Dir - straight line, f/p - cane toad
Aim: a cane toad (chance to affect: 61%)
The cane toad resists with significant effort.
The cane toad stings you!
Casting: Ensorcelled Hibernation (safe; 1% risk of failure)
Confirm with . or Enter, or press ? or * to list all spells.
Aiming: Ensorcelled Hibernation (safe; 1% risk of failure)
Press: ? - help, Shift-Dir - straight line, f/p - cane toad
Aim: a cane toad (chance to affect: 61%)
The cane toad resists with significant effort.
The cane toad stings you!!
* * * LOW HITPOINT WARNING * * *
Casting: Ensorcelled Hibernation (safe; 1% risk of failure)
Confirm with . or Enter, or press ? or * to list all spells.
Aiming: Ensorcelled Hibernation (safe; 1% risk of failure)
Press: ? - help, Shift-Dir - straight line, f/p - cane toad
Aim: a cane toad (chance to affect: 61%)
The cane toad resists with significant effort.
The cane toad stings you!!
You die...

.......<..............)...
..........................
............>.............
............P.............
......................[...
............P.............
..........†###.#.'##.###.#
.#...##..F.#.#####..###
#.###...##@### ###....#
#.......### ##.#.#.####
#.......#P# #.........##
##......+.####.P........#
#....F.#....##.........# .
+....Y.###.P##........###
P.#......##P............'..
.........###.##P........###
##......l# #####........# #


You could see a cane toad.

Vanquished Creatures
  A hydra (Lair:1)
  2 black mambas
  3 cane toads
  5 komodo dragons
  A rime drake (Lair:4)
  A troll (D:9)
  3 dream sheep (Lair:4)
  19 blink frogs
  5 wyverns
  39 yaks
  4 basilisks
  3 nagas (Lair:2)
  8 water moccasins
  An ice beast (D:8)
  A swamp drake (D:9)
  2 sky beasts
  A black bear (Lair:2)
  2 orc warriors
  A phantom (D:6)
  3 wolves
  A necrophage (D:6)
  3 ogres
  A centaur (D:6)
  2 lemures
  12 bullfrogs
  5 scorpions
  A wyvern skeleton (D:6)
  A water moccasin skeleton (D:5)
  10 killer bees
  4 electric eels (Lair:2)
  A quasit (D:8)
  3 jellies
  6 orc priests
  8 hounds
  9 orc wizards
  An iguana (D:9)
  8 worker ants
  4 gnolls
  11 adders
  3 white imps
  An ooze (D:3)
  An adder skeleton (D:7)
  2 worms
  A dart slug (D:3)
  7 leopard geckos
  37 orcs
  A ball python (D:1)
  6 giant cockroaches
  7 goblins
  8 hobgoblins
  19 jackals
  3 quokkas
  8 bats
  2 frilled lizards
  8 kobolds
  2 quokka skeletons
  4 rats
316 creatures vanquished.

Vanquished Creatures (collateral kills)
  A naga (Lair:2)
1 creature vanquished.

Vanquished Creatures (others)
  A dancing weapon (D:9)
  26 fungi
  49 plants
76 creatures vanquished.

Grand Total: 393 creatures vanquished

Notes
Turn   | Place    | Note
-------+----------+-------------------------------------------
     0 | D:1      | thromnambular the Felid Enchanter began the quest for the
                  | Orb.
     0 | D:1      | Reached XP level 1. HP: 7/7 MP: 4/4
   269 | D:1      | Reached XP level 2. HP: 12/12 MP: 4/6
   272 | D:1      | Learned a level 2 spell: Ensorcelled Hibernation
  1126 | D:2      | Reached skill level 1 in Fighting
  1561 | D:2      | Reached XP level 3. HP: 15/15 MP: 7/7
  2048 | D:2      | Reached skill level 5 in Hexes
  2358 | D:2      | Reached skill level 2 in Unarmed Combat
  2506 | D:2      | Reached XP level 4. HP: 16/19 MP: 3/8
  2730 | D:2      | Found a sacrificial altar of Ru.
  2741 | D:2      | Found a glowing silver altar of Zin.
  2919 | D:2      | Found an ancient bone altar of Kikubaaqudgha.
  3307 | D:3      | Found a burning altar of Makhleb.
  3316 | D:3      | Reached XP level 5. HP: 19/22 MP: 6/9
  3321 | D:3      | Became a worshipper of Makhleb the Destroyer
  3732 | D:3      | Learned a level 3 spell: Confusing Touch
  3736 | D:3      | Learned a level 3 spell: Tukima's Dance
  4071 | D:4      | Noticed an ogre
  4083 | D:4      | Killed an ogre
  4084 | D:4      | Reached skill level 5 in Stealth
  4139 | D:4      | Noticed Gadfly's ghost (weakling DrTm)
  4140 | D:4      | Identified the +8 great mace of Fyojoropsu {holy, rPois
                  | rC++}
  4140 | D:4      | Noticed an ogre
  4142 | D:4      | Noticed an ogre
  4264 | D:3      | Reached skill level 3 in Unarmed Combat
  4264 | D:3      | Gained mutation: You are covered in thick fur. (AC +2)
                  | [Felid growth]
  4264 | D:3      | Reached XP level 6. HP: 25/27 MP: 7/10
  4317 | D:4      | Noticed Pikel
  5292 | D:5      | Entered Level 5 of the Dungeon
  5579 | D:5      | Reached * piety under Makhleb
  5633 | D:4      | Reached XP level 7. HP: 29/31 MP: 2/11
  5780 | D:4      | Found a transporter.
  5785 | D:4      | Found a transporter.
  6131 | D:5      | Reached skill level 4 in Unarmed Combat
  6656 | D:5      | Found a runed translucent door.
  6657 | D:5      | Noticed Morgon's ghost (weakling KoDe)
  6661 | D:5      | Noticed a wraith
  6777 | D:5      | Found a broken altar of Ashenzari.
  7052 | D:6      | Found Refrelie's Book Emporium.
  7052 | D:6      | Found Kecoup's Weapon Shoppe.
  7088 | D:6      | Bought a book of Changes for 350 gold pieces
  7090 | D:6      | Learned a level 1 spell: Beastly Appendage
  7142 | D:6      | Found Vaacoiro's Book Shop.
  7299 | D:6      | Found Tisizxuff's Assorted Antiques.
  7305 | D:6      | Reached skill level 1 in Transmutations
  7449 | D:6      | Found a staircase to the Ecumenical Temple.
  7513 | D:6      | Found a stormy altar of Qazlal.
  7516 | D:6      | Reached ** piety under Makhleb
  7517 | D:6      | Reached XP level 8. HP: 34/34 MP: 13/13
  7586 | D:6      | Reached skill level 5 in Unarmed Combat
  7622 | D:6      | Found a glowing golden altar of the Shining One.
  7834 | D:6      | Bought a sapphire potion for 15 gold pieces
  7865 | D:6      | Found a stormy altar of Qazlal.
  7940 | D:6      | Found Duuxzameg's Jewellery Shop.
  8116 | D:7      | Learned a level 5 spell: Blade Hands
  8210 | D:7      | Found a shadowy altar of Dithmenos.
  8323 | D:7      | Reached skill level 6 in Unarmed Combat
  8565 | D:7      | Found Joull's Weapon Boutique.
  8783 | D:7      | Reached skill level 5 in Dodging
  8945 | D:7      | Found the +9 staff of Olgreb {rPois∞}
  9002 | D:7      | Found a sparkling altar of Nemelex Xobeh.
  9239 | D:8      | Reached XP level 9. HP: 39/39 MP: 16/16
  9602 | D:8      | Reached skill level 5 in Transmutations
 10377 | D:9      | Reached *** piety under Makhleb
 10909 | D:9      | Reached skill level 5 in Fighting
 10909 | D:9      | Reached skill level 7 in Unarmed Combat
 11465 | D:9      | Reached XP level 10. HP: 37/45 MP: 8/17
 12032 | D:9      | Found a staircase to the Lair.
 12156 | D:9      | Reached skill level 5 in Spellcasting
 12258 | D:9      | Found a staircase to the Orcish Mines.
 12548 | D:9      | Learned a level 4 spell: Hailstorm
 12555 | D:9      | Reached skill level 8 in Unarmed Combat
 12555 | D:9      | Reached skill level 1 in Ice Magic
 12731 | D:9      | Reached **** piety under Makhleb
 12810 | Lair:1   | Entered Level 1 of the Lair of Beasts
 12810 | Lair:1   | Noticed a cane toad
 12812 | Lair:1   | Killed a cane toad
 12915 | Lair:1   | Noticed a seven-headed hydra
 12972 | Lair:1   | Slain by a blink frog
 12973 | Lair:1   | Reached XP level 9. HP: 0/42 MP: 4/17
 13034 | Lair:1   | Found a gate leading to a gauntlet.
 13046 | Lair:1   | Slain by a blink frog
 13047 | Lair:1   | Reached XP level 8. HP: -4/39 MP: 7/16
 13047 | Lair:1   | Noticed Gastronok
 13047 | Lair:1   | Noticed a blink frog
 13174 | Lair:1   | Killed a blink frog
 13181 | Lair:1   | Killed a blink frog
 13182 | Lair:1   | Reached XP level 9. HP: 43/43 MP: 9/17
 13241 | Lair:1   | Noticed a komodo dragon
 13247 | Lair:1   | Killed a komodo dragon
 13467 | Lair:1   | Noticed a cane toad
 13474 | Lair:1   | HP: 2/43 [cane toad (12)]
 13832 | Lair:1   | Noticed a black mamba
 13867 | Lair:1   | Reached skill level 1 in Conjurations
 14009 | Lair:1   | Noticed a komodo dragon
 14015 | Lair:1   | Killed a komodo dragon
 14024 | Lair:1   | Killed a black mamba
 14079 | Lair:1   | Reached skill level 9 in Unarmed Combat
 14079 | Lair:1   | Reached XP level 10. HP: 44/47 MP: 9/18
 14407 | Lair:1   | Killed a seven-headed hydra
 14413 | Lair:1   | Killed a cane toad
 15187 | Lair:2   | Reached skill level 5 in Ice Magic
 15239 | Lair:2   | Reached XP level 11. HP: 52/52 MP: 16/19
 15331 | Lair:2   | Found a staircase to the Snake Pit.
 15448 | Lair:2   | Noticed an oklob plant
 15529 | Lair:2   | Found a staircase to the Shoals.
 15734 | Lair:2   | Found a blossoming altar of Fedhas.
 15748 | Lair:2   | Upgraded the game from 0.26-b1-25-gafae2e710b to
                  | 0.26.1-2-gb8aa6d0cf2
 16264 | Lair:2   | Reached skill level 10 in Unarmed Combat
 16839 | Lair:3   | Reached skill level 5 in Conjurations
 17002 | Lair:3   | Reached ***** piety under Makhleb
 17117 | Lair:3   | Noticed a catoblepas
 18205 | Lair:3   | HP: 2/53 [catoblepas (34)]
 18214 | Lair:3   | Killed from afar by a catoblepas
 18215 | Lair:3   | Reached XP level 10. HP: -1/49 MP: 11/19
 18562 | Lair:4   | Reached XP level 11. HP: 53/53 MP: 14/20
 18886 | Lair:4   | Mangled by a cane toad

Illustrated notes

Levels and vault maps discovered:
D:1:      minmay_arrival_five_plusses, layout_basic
D:2:      layout_loops_cross, lemuel_coloured_pillars_altar, minitemple,
          minmay_surrounded
D:3:      layout_loops_ring, makhleb_blood_cavern_becter
D:4:      layout_cave_pools, gammafunk_ghost_smash, uniq_pikel
D:5:      layout_cave_pools, ebering_ghost_inner_flame, hangedman_decor_points,
          nicolae_ashenzari_panopticon
D:6:      layout_rooms, nicolae_qazlal_general_emergency,
          minmay_temple_entry_stoned_glass, serial_shops, shop_coins,
          nicolae_shop_crystal, shop, nicolae_shop_trees, shop, basic_altar,
          nicolae_tso_swordbearing_angel
D:7:      layout_loops_cross, general_overflow_altar, kennysheep_mini,
          serial_shops, nicolae_shop_crystal, nrook_mini_vaults
D:8:      layout_basic
D:9:      layout_irregular_city, minmay_lair_entry_grove, erik_orc_1
Lair:1:   layout_roguey, gauntlet_entry_generic, uniq_gastronok
Lair:2:   layout_cellular_growth, elwin_shoals_entry_rocks,
          minmay_snake_entry_guardpost_small, basic_altar, serial_bayou_pond_c,
          nicolae_quartered_pool_super, infiniplex_staircase_pool,
          minmay_lair_oklob_chamber
Lair:3:   layout_regular_city, beast_lair_carwin_2
Lair:4:   layout_roguey

Skill      XL: |  1  2  3  4  5  6  7  8  9 10 11 |
---------------+----------------------------------+-----
Dodging        | 3 4 5 7 8 |  8.1
Fighting       | 1 2 3 7 5 8 9 |  9.6
Hexes          | 5 6 7 |  7.1
Unarmed Combat | 2 3 4 6 9 8 10 | 10.7
Stealth        | 5 6 7 9 8 |  9.1
Transmutations | 2 4 6 |  6.0
Spellcasting   | 3 4 5 |  5.7
Ice Magic      | 3 5 6 |  6.0
Conjurations   | 1 3 5 |  5.7

Action                   |  1- 3 |  4- 6 |  7- 9 | 10-12 || total
-------------------------+-------+-------+-------+-------++-------
Melee: Unarmed           |    83 |   113 |   236 |   242 ||   674
       Bite              |     6 |     8 |    15 |    15 ||    44
       Punch             |       |     2 |     4 |     5 ||    11
       Headbutt          |       |       |     3 |       ||     3
 Cast: Corona            |     4 |       |     4 |       ||     8
       Ensorcelled Hiber |    36 |    69 |   131 |   150 ||   386
       Confusing Touch   |       |       |     7 |     2 ||     9
       Beastly Appendage |       |       |     2 |       ||     2
       Blade Hands       |       |       |     4 |    13 ||    17
       Tukima's Dance    |       |       |       |     3 ||     3
       Hailstorm         |       |       |       |     2 ||     2
Evoke: Wand              |       |     4 |    10 |     7 ||    21
  Use: Scroll            |     2 |     3 |    10 |    16 ||    31
       Potion            |       |     1 |     2 |     2 ||     5
 Stab: Sleeping          |    31 |    48 |    81 |    79 ||   239
       Confused          |       |       |    10 |     1 ||    11
       Paralysed         |       |       |       |     3 ||     3
       Petrified         |       |       |       |     1 ||     1
Armor: Skin              |     2 |     3 |    10 |     6 ||    21
Dodge: Dodged            |    74 |    98 |   220 |   234 ||   626
